 Dungeon Crawl Stone Soup version 0.27.1 (webtiles) character file.

Game seed: 7332535270355690499

3551 Sabo the Shield-Bearer (level 9, -1/69 HPs)
             Began as a Demonspawn Fighter on Aug 25, 2021.
             Was a Priest of Ashenzari.
             Killed from afar by a gargoyle (13 damage)
             ... with a stone arrow
             ... on level 8 of the Dungeon on Aug 26, 2021.
             The game lasted 01:01:18 (10985 turns).

Sabo the Shield-Bearer (Demonspawn Fighter)        Turns: 10985, Time: 01:01:20

Health: -1/69      AC: 15    Str: 20    XL:     9   Next: 83%
Magic:  9/9        EV: 10    Int: 10    God:    Ashenzari [***...]
Gold:   409        SH: 20    Dex: 18    Spells: 8/8 levels left

rFire    . . .     SeeInvis +   D - +4 flail (elec)
rCold    . . .     Faith    .   c - +0 kite shield of Ashenzari's Annoyance {Evo, Fort} (curse)
rNeg     . . .     Spirit   .   E - +2 scale mail {Will+}
rPois    +         Reflect  .   (helmet unavailable)
rElec    .         Harm     .   (no cloak)
rCorr    .         Rampage  .   p - +2 pair of gloves of Panopticon {Elem, Alch} (curse)
Will     +....     Clarity  +   h - +0 pair of boots
Stlth    +.........             C - amulet of the Oracular Regret {Regen+, Range, Melee} (curse)
HPRegen  1.21/turn              y - ring of Ashenzari's Black Moon {rPois, Fort, Melee} (curse)
MPRegen  0.11/turn              d - ring "All-seeing Trepidation" {Dex+6, Alch, Bglg} (curse)

@: no status effects
A: antennae 3, large bone plates 1, condensation shield, demonic magic 1
a: Renounce Religion, Shatter the Chains


You were on level 8 of the Dungeon.
You worshipped Ashenzari.
Ashenzari was most pleased with you.
You visited 1 branch of the dungeon, and saw 8 of its levels.
You also visited: Ossuary.

You collected 445 gold pieces.
You spent 36 gold pieces at shops.

Inventory:

Hand Weapons
 b - a +0 broad axe
 i - a +1 demon trident of venom
 x - the +3 Elemental Staff {rElec rF++ rC++ Will++ AC+5}
   (You took it off a deep elf pyromancer on level 8 of the Dungeon)

   If the wielder is skilled in Evocations, they can discharge powerful blasts
   of elemental energy when striking with it.
   It enhances your fire, ice, earth and air magic.
   AC:        It affects your AC (+5).
   rF:        It greatly protects you from fire.
   rC:        It greatly protects you from cold.
   rElec:     It insulates you from electricity.
   Will:      It greatly increases your willpower.
 B - a +0 antimagic morningstar
 D - a +4 flail of electrocution (weapon)
Missiles
 e - 28 poisoned darts
 f - 54 bolts
 g - 190 arrows
 j - 7 boomerangs (quivered)
 l - 72 sling bullets
Armour
 c - the cursed +0 kite shield of Ashenzari's Annoyance (worn) {Evo, Fort}

   It has a curse which improves the following skills: Evocations: Evocations.
   Fortitude: Armour and Shields.
 h - a +0 pair of boots (worn)
 p - the cursed +2 pair of gloves of Panopticon (worn) {Elem, Alch}
   (You found it on level 2 of the Dungeon)

   It has a curse which improves the following skills: Elements: Fire Magic, Ice
   Magic, Air Magic and Earth Magic.
   Alchemy:   Poison Magic and Transmutations.
 E - a +2 scale mail of willpower (worn)
Jewellery
 d - the cursed ring "All-seeing Trepidation" (right hand) {Dex+6, Alch, Bglg}
   (You found it in an ossuary)

   [ring of dexterity]

   Dex:       It affects your dexterity (+6).
   It has a curse which improves the following skills: Alchemy: Poison Magic and
   Transmutations.
   Beguiling: Conjurations, Hexes and Translocations.
 y - the cursed ring of Ashenzari's Black Moon (left hand) {rPois, Fort, Melee}
   (You found it in an ossuary)

   [ring of poison resistance]

   rPois:     It protects you from poison.
   It has a curse which improves the following skills: Fortitude: Armour and
   Shields.
   Melee Combat: Short Blades, Long Blades, Axes, Maces & Flails, Polearms,
   Staves and Unarmed Combat.
 C - the cursed amulet of the Oracular Regret (around neck) {Regen+, Range, Melee}
   (You found it on level 4 of the Dungeon)

   [amulet of regeneration]

   Regen:     It increases your rate of health regeneration.
   It has a curse which improves the following skills: Ranged Combat: Slings,
   Bows, Crossbows and Throwing.
   Melee Combat: Short Blades, Long Blades, Axes, Maces & Flails, Polearms,
   Staves and Unarmed Combat.
Wands
 a - a wand of digging (17)
 t - a wand of polymorph (6)
 v - a wand of flame (20)
Scrolls
 q - a scroll of fear
 r - 6 scrolls of teleportation
 w - a scroll of magic mapping
 A - a scroll of blinking
Potions
 k - 3 potions of flight
 m - a potion of cancellation
 n - a potion of heal wounds
 o - 4 potions of curing
 s - 2 potions of haste
 u - a potion of invisibility
 z - a potion of might


   Skills:
 + Level 6.1 Fighting
 + Level 4.4(8.6) Axes
 + Level 4.6(8.0) Maces & Flails
 + Level 5.1(8.5) Polearms
 + Level 5.7(8.7) Armour
 + Level 2.6 Dodging
 + Level 1.1 Stealth
 + Level 6.7(9.7) Shields


You had 8 spell levels left.
You didn't know any spells.
Your spell library contained the following spells:

 Spells                   Type           Power      Damage    Failure   Level
 Summon Small Mammal      Summ           0%         N/A       88%         1
 Blink                    Tloc           N/A        N/A       95%         2
 Lesser Beckoning         Tloc           0%         N/A       99%         3
 Summon Ice Beast         Ice/Summ       0%         N/A       100%        4
 Manifold Assault         Tloc           0%         N/A       100%        5
 Haunt                    Necr/Summ      0%         N/A       100%        7
 Monstrous Menagerie      Summ           0%         N/A       100%        7


Dungeon Overview and Level Annotations

Branches:
Dungeon (8/15)             Temple (0/1) D:5         Ossuary (visited)
   Lair: D:8-11

Altars:
Ashenzari
Fedhas
Hepliaklqana
Uskayaw
Xom

Shops:
D:2 *   D:3 *   D:5 (   D:6 (


Innate Abilities, Weirdness & Mutations

You have a pair of large antennae on your head. (SInv)
You are partially covered in large bone plates. (SH +4)
A meltable shield of frost defends you. (SH +4)
Spells you cast may paralyse adjacent enemies.


Message History

You block the stone arrow.
You hit the gargoyle but do no damage.
The gargoyle is moderately damaged.
The gargoyle hurls a stone arrow at you.
The stone arrow hits you!
You barely miss the gargoyle.
The gargoyle is moderately damaged.
The gargoyle hurls a stone arrow at you.
The stone arrow misses you. You block the gargoyle's attack.
Your shield and scale mail prevent you from hitting the gargoyle.
The gargoyle is moderately damaged.
You block the gargoyle's attack.
You hit the gargoyle.
The gargoyle is moderately damaged.
You block the gargoyle's attack.
You hit the gargoyle.
The gargoyle is heavily damaged.
The gargoyle hits you with a +0 flail.
You hit the gargoyle but do no damage.
The gargoyle is heavily damaged.
You block the gargoyle's attack.
You completely miss the gargoyle.
The gargoyle is heavily damaged.
The gargoyle hurls a stone arrow at you.
You block the stone arrow.
You hit the gargoyle but do no damage.
The gargoyle is heavily damaged.
You block the gargoyle's attack.
You hit the gargoyle.
The gargoyle is heavily damaged.
The gargoyle hurls a stone arrow at you.
The stone arrow hits you!
You closely miss the gargoyle.
The gargoyle is heavily damaged.
The gargoyle hurls a stone arrow at you.
The stone arrow hits you!
* * * LOW HITPOINT WARNING * * *
The gargoyle hurls a stone arrow at you.
The stone arrow hits you!
You die...

######.#.[....#.. *
*** ##..##........
###..##....#....
###...###.##.#..).
#....##≈##...[.)).
#...##≈§≈##.......
####..##≈°○§§##......
#....####§☼≈####.....
#...@#° ##§##..#'....
#..##9E..###....##...
* ....#
,....###.....##..
.####*
...##.##....###. *#
..#+.(.'#..##.## ##,
###..[..####.§§# ##,
,##.......##§..§. *,
* ,**##.....####§.§#
* ,,#+...'#..##.##


You could see a fire elemental and a gargoyle.

Vanquished Creatures
  A deep elf pyromancer (D:8)
  A tengu conjurer (D:8)
  Eustachio (D:5)
  Edmund (D:5)
  An acid dragon (D:7)
  A water moccasin (D:6)
  A sky beast (D:5)
  2 ice beasts
  A black bear (D:5)
  A necrophage (D:6)
  3 ogres
  A centaur (D:6)
  A kobold brigand (D:7)
  2 bullfrogs
  10 scorpions
  A water moccasin zombie (D:5)
  A wyvern skeleton (D:7)
  A water moccasin skeleton (D:3)
  3 centaur skeletons
  3 human zombies (Ossuary)
  2 jellies
  An orc priest (D:8)
  A hound (D:6)
  Natasha (twice) (D:3)
  2 iguanas
  3 scorpion zombies (Ossuary)
  An orc wizard (D:8)
  3 mummies (Ossuary)
  A howler monkey zombie (D:5)
  A gnoll (D:1)
  2 adders
  An ufetubus (D:5)
  3 worms
  A dart slug (D:1)
  7 orcs
  4 ball pythons
  4 endoplasms
  2 giant cockroaches
  10 goblins
  6 hobgoblins
  8 jackals
  10 kobolds
  5 quokkas
  4 bats
  2 frilled lizards (D:2)
  2 gnoll zombies (Ossuary)
  3 goblin zombies (Ossuary)
  4 hobgoblin zombies (Ossuary)
  3 kobold zombies (Ossuary)
  3 orc zombies (Ossuary)
  4 rats
142 creatures vanquished.

Notes
Turn   | Place    | Note
-------+----------+-------------------------------------------
     0 | D:1      | Sabo the Demonspawn Fighter began the quest for the Orb.
     0 | D:1      | Reached XP level 1. HP: 18/18 MP: 1/1
   138 | D:1      | Gained mutation: You have a pair of small antennae on your
                  | head. [demonic ancestry]
   138 | D:1      | Reached XP level 2. HP: 15/24 MP: 2/2
  1269 | D:1      | Gained mutation: You are partially covered in large bone
                  | plates. (SH +4) [demonic ancestry]
  1269 | D:1      | Reached XP level 3. HP: 25/29 MP: 3/3
  2170 | D:2      | Found Vuclai's General Store.
  2187 | D:2      | Bought a potion of curing for 36 gold pieces
  2859 | D:2      | Found a faded altar of an unknown god.
  2895 | D:2      | Became a worshipper of Ashenzari the Shackled
  3834 | D:3      | Found Ificieto's General Store.
  3914 | D:3      | Noticed Natasha
  3927 | D:3      | Gained mutation: You have a pair of antennae on your head.
                  | [demonic ancestry]
  3927 | D:3      | Reached XP level 4. HP: 32/35 MP: 4/4
  3949 | D:3      | Killed Natasha
  4285 | D:3      | Gained mutation: A meltable shield of frost defends you.
                  | (SH +4) [demonic ancestry]
  4285 | D:3      | Reached XP level 5. HP: 39/41 MP: 5/5
  4334 | D:3      | Noticed Natasha
  4350 | D:3      | Killed Natasha
  4634 | D:3      | Reached * piety under Ashenzari
  4736 | D:4      | Found a blossoming altar of Fedhas.
  4799 | D:4      | Found a sand-covered staircase.
  4811 | Ossuary  | Entered an ossuary
  4835 | Ossuary  | Reached skill level 1 in Polearms
  4901 | Ossuary  | HP: 2/42 [scorpion zombie (1)]
  4907 | Ossuary  | Reached XP level 6. HP: 6/48 MP: 6/6
  5559 | Ossuary  | Reached XP level 7. HP: 32/54 MP: 7/7
  6146 | Ossuary  | Reached skill level 1 in Dodging
  6676 | D:4      | Found a hazy altar of Hepliaklqana.
  6785 | D:4      | Reached ** piety under Ashenzari
  7791 | D:5      | Entered Level 5 of the Dungeon
  7877 | D:5      | Noticed Eustachio
  7891 | D:5      | Killed Eustachio
  7892 | D:5      | Gained mutation: Spells you cast may paralyse adjacent
                  | enemies. [demonic ancestry]
  7892 | D:5      | Reached XP level 8. HP: 48/61 MP: 8/8
  8030 | D:5      | Found Gesoit's Antique Weapon Shop.
  8201 | D:5      | Identified the Grimoire of the Entourage
  8249 | D:5      | Found a staircase to the Ecumenical Temple.
  8377 | D:5      | Found a shimmering altar of Xom.
  8596 | D:5      | Reached *** piety under Ashenzari
  8613 | D:5      | Noticed Edmund
  8625 | D:5      | Killed Edmund
  8626 | D:5      | Reached skill level 5 in Fighting
  8626 | D:5      | Reached skill level 5 in Shields
  8952 | D:6      | Reached skill level 1 in Maces & Flails
  8952 | D:6      | Reached skill level 5 in Polearms
  8958 | D:6      | Found Lustuuta's Antique Weapon Shop.
  9300 | D:6      | Found a hide-covered altar of Uskayaw.
  9341 | D:6      | Reached skill level 5 in Armour
  9437 | D:6      | Gained mutation: You have a pair of large antennae on your
                  | head. (SInv) [demonic ancestry]
  9437 | D:6      | Reached XP level 9. HP: 68/68 MP: 9/9
 10146 | D:7      | Reached skill level 1 in Stealth
 10855 | D:8      | Noticed a deep elf pyromancer
 10871 | D:8      | Killed a deep elf pyromancer
 10966 | D:8      | Noticed a tengu conjurer
 10966 | D:8      | Noticed a gargoyle
 10973 | D:8      | Killed a tengu conjurer
 10985 | D:8      | Killed from afar by a gargoyle

Illustrated notes

Levels and vault maps discovered:
D:1:      wander_arrival_estate, layout_basic
D:2:      mumra_celtic_spiral_tile, layout_loops_corners, serial_shops,
          nicolae_shop_trees, ebering_ecumenical_altar_sacrificial, minivault_24
D:3:      layout_basic, serial_shops, shop, uniq_natasha
D:4:      layout_gridville, mainiacjoe_overflow_concentric_impassable,
          overflow_temple_1_default, enter_ossuary_1
D:5:      layout_basic, mainiacjoe_overflow_tiny_flanked,
          lemuel_temple_firewalk_b, serial_shops, nicolae_lakefront_shop,
          dk_noncrumbling_3, uniq_eustachio, uniq_edmund
D:6:      layout_loops_ring, mainiacjoe_overflow_24_doors, serial_shops, shop
D:7:      layout_rooms, serial_aquarium, aquarium_bridge_square
          [aquarium_subvault_window, aquarium_subvault_bridge,
          aquarium_subvault_window, aquarium_subvault_balcony],
          aquarium_bridge_island_small [aquarium_subvault_small_open,
          aquarium_subvault_window, aquarium_subvault_wall,
          aquarium_subvault_window, aquarium_subvault_bridge],
          aquarium_window_1, aquarium_window_corridor_3, aquarium_view_2b
D:8:      layout_rooms, lemuel_coloured_pillars_altar, corner_web_ring,
          dilly_guarded_unrand_elemental_staff

Skill      XL: |  1  2  3  4  5  6  7  8  9 |
---------------+----------------------------+-----
Armour         | 3 4 5 |  5.7
Axes           | 2 3 4 |  4.4
Shields        | 3 4 5 6 |  6.7
Polearms       | 1 3 5 |  5.1
Fighting       | 4 5 6 |  6.1
Dodging        | 1 2 |  2.6
Maces & Flails | 2 4 |  4.6
Stealth        | 1 |  1.1

Action                   |  1- 3 |  4- 6 |  7- 9 || total
-------------------------+-------+-------+-------++-------
Melee: War axe           |   144 |    85 |    85 ||   314
       Demon trident     |       |    58 |    81 ||   139
       Flail             |       |       |   125 ||   125
Throw: Dart              |       |     1 |       ||     1
Invok: Curse Item        |     1 |     1 |     4 ||     6
       Shatter the Chain |       |       |     1 ||     1
  Use: Potion            |       |     4 |       ||     4
       Scroll            |       |       |     2 ||     2
Armor: Scale mail        |    78 |    51 |    64 ||   193
Dodge: Dodged            |    56 |    42 |    54 ||   152
Block: Kite shield       |   128 |   157 |   278 ||   563
